 Dungeon Crawl Stone Soup version 0.30.1 (webtiles) character file.

Game seed: 12529223410592945207

2 javelincjr the Caller (level 1, -1/13 HPs)
             Began as a Demonspawn Summoner on July 5, 2023.
             Slain by a kobold
             ... wielding a +0 dagger
              (2 damage)
             ... on level 1 of the Dungeon.
             The game lasted 00:00:41 (93 turns).

javelincjr the Caller (Demonspawn Summoner)           Turns: 93, Time: 00:00:42

Health: -1/13      AC:  2    Str:  8    XL:     1   Next: 33%
Magic:  0/3        EV: 12    Int: 16    God:
Gold:   0          SH:  0    Dex: 13    Spells: 3/4 levels left

rFire   . . .        (no weapon)
rCold   . . .        (no shield)
rNeg    . . .        a - +0 robe
rPois   .            (no helmet)
rElec   .            (no cloak)
rCorr   .            (no gloves)
SInv    .            (no boots)
Will    .....        (no amulet)
Stlth   ++           (no ring)
HPRegen 0.22/turn    (no ring)
MPRegen 0.08/turn

%: no passive effects
@: no status effects
A: no striking features
a: no special abilities


You were on level 1 of the Dungeon.
You visited 1 branch of the dungeon, and saw 1 of its levels.

Inventory:

Armour
 a - a +0 robe (worn)
Scrolls
 c - a scroll of fog {unknown}
Potions
 b - a potion of magic


   Skills:
 + Level 0.1 Fighting
 + Level 1.8 Dodging
 + Level 1.8 Stealth
 + Level 2.0 Spellcasting
 + Level 4.0 Summonings


You had 3 spell levels left.
You knew the following spells:

 Your Spells              Type           Power      Damage    Failure   Level
a - Summon Small Mammal   Summ           56%        N/A       4%          1

Your spell library contained the following spells:

 Spells                   Type           Power      Damage    Failure   Level
 Call Imp                 Summ           28%        N/A       6%          2
 Call Canine Familiar     Summ           14%        N/A       12%         3
 Summon Guardian Golem    Hex/Summ       8%         N/A       26%         3
 Summon Lightning Spire   Summ/Air       8%         N/A       65%         4


Dungeon Overview and Level Annotations

Branches:
Dungeon (1/15)

Altars:


Message History

You escape the ball python's grasp.
The ball python attacks as you move away!
The ball python closely misses you. The ball python misses you.
Found a stone staircase leading down.
Your bat hits the kobold but does no damage.
The ball python closely misses your rat.
The ball python grabs your rat. The ball python constricts your rat.
Your rat bites the giant cockroach.
The kobold hits your rat but does no damage.
You closely miss the giant cockroach.
The giant cockroach is almost dead.
The giant cockroach barely misses you.
Your bat hits the kobold but does no damage.
The ball python barely misses your rat. The ball python constricts your rat.
Your bat barely misses the kobold.
Your rat misses the kobold.
The giant cockroach bites you but does no damage.
The kobold hits your rat with a +0 dagger.
Your rat dies!
Your rat's corpse disappears in a puff of smoke!
You closely miss the giant cockroach.
The giant cockroach is almost dead.
Your bat hits the giant cockroach but does no damage.
The ball python misses your bat. The ball python grabs your bat.
The ball python constricts your bat. The giant cockroach barely misses you.
Your bat hits the ball python.
The kobold hits your bat with a +0 dagger.
Your bat dies!
Your bat's corpse disappears in a puff of smoke!
Casting: Summon Small Mammal (safe; 4% risk of failure)
Confirm with . or Enter, or press ? or * to list all spells.
The giant cockroach bites you.
Casting: Summon Small Mammal (safe; 4% risk of failure)
Confirm with . or Enter, or press ? or * to list all spells.
Your bat closely misses the giant cockroach.
The ball python bites you. The ball python completely misses you.
Your bat hits the giant cockroach but does no damage.
The giant cockroach bites your bat. The ball python bites you.
* * * LOW HITPOINT WARNING * * *
The ball python closely misses you. The kobold hits you with a +0 dagger.
You die...

#....########
#....#......# .
###....#......# ..
###......#......###...
##.....................
###......b..#............
#..............##..#####
......rB....#.##.###.<###
.......S@....##.##...##8#
..#....K....##.##.####...
#.........#.##.##...###
#.........#.#.##..### #
#........##.#.#.##....#
#........#8.#.#.#8.##.#
#........##.#.#.##.8#.#
#...>.....#.#.##...##.#
#.##.####..##


You could see a giant cockroach (distracted, ally target), a ball python, a
kobold, a friendly bat (summoned) and a friendly rat (summoned).

Vanquished Creatures (collateral kills)
  A bat (D:1)
  A hobgoblin (D:1)
2 creatures vanquished.

Notes
Turn   | Place    | Note
-------+----------+-------------------------------------------
     0 | D:1      | javelincjr the Demonspawn Summoner began the quest for the
                  | Orb.
     0 | D:1      | Reached XP level 1. HP: 13/13 MP: 3/3
    93 | D:1      | Slain by a kobold

Illustrated notes

Levels and vault maps discovered:
D:1:      nagdon_arrival_double_spiral, layout_rooms

Action                     || total
---------------------------++-------
  Melee: Unarmed           ||    14
   Cast: Summon Small Mamm ||     5
 Armour: Robe              ||     8
  Dodge: Dodged            ||    21
